 Dungeon Crawl Stone Soup version 0.18.1-48-g4cf74bf (webtiles) character file.

13692 RepoMan the Cleaver (level 12, -1/92 HPs)
             Began as a Formicid Fighter on Aug 30, 2016.
             Was a Priest of the Shining One.
             Engulfed by an ice statue's freezing vapour (17 damage)
             ... in an ice cave on Aug 31, 2016.
             The game lasted 01:35:09 (11925 turns).

RepoMan the Cleaver (Formicid Fighter)             Turns: 11925, Time: 01:35:10

Health: -1/92      AC: 18    Str: 25    XL:     12   Next: 35%
Magic:  15/15      EV:  7    Int:  9    God:    the Shining One [***...]
Gold:   467        SH: 19    Dex: 10    Spells: 0 memorised, 11 levels left

rFire  . . .     SeeInvis +     a - +2 executioner's axe (flame)
rCold  . . .     Gourm    .     J - +6 chain mail of Miracles {rN+ Str+2 Dex-2}
rNeg   + + .     Faith    .     D - +1 large shield
rPois  .         Spirit   .     (helmet unavailable)
rElec  .         Dismiss  .     (no cloak)
rCorr  .         Reflect  .     K - +0 pair of gloves
SustAt .         Harm     .     (no boots)
MR     +....     Clarity  +     (no amulet)
Stlth  ..........               (no ring)
                                (no ring)

@: glowing, somewhat resistant to hostile enchantments, extremely unstealthy
A: permanent stasis, dig shafts and tunnels, four strong arms, antennae 3,
clarity
a: Dig, Shaft Self, Divine Shield, Renounce Religion


You were in an ice cave.
You worshipped the Shining One.
The Shining One was most pleased with you.
You were not hungry.

You visited 3 branches of the dungeon, and saw 13 of its levels.
You also visited: Bailey and Ice Cave.

You collected 801 gold pieces.
You spent 334 gold pieces at shops.

Inventory:

Hand Weapons
 a - a +2 executioner's axe of flaming (weapon)
 e - a +0 broad axe
 P - the +10 scimitar of Absolution {venom, rN+ MR+, unknown}
   (You found it on level 8 of the Dungeon)

   It poisons the flesh of those it strikes.
   It protects you from negative energy.
   It affects your resistance to hostile enchantments.
   The Shining One disapproves of the use of such an item.
Armour
 D - a +1 large shield (worn)
 I - the +1 robe of the Thunderstorm {-Tele rC++ Dex+2 Stlth+, unknown}
   (You found it on level 5 of the Dungeon)

   It affects your dexterity (+2).
   It greatly protects you from cold.
   It prevents most forms of teleportation.
   It makes you more stealthy.
 J - the +6 chain mail of Miracles (worn) {rN+ Str+2 Dex-2}
   (You found it on level 7 of the Dungeon)

   It affects your strength (+2).
   It affects your dexterity (-2).
   It protects you from negative energy.
 K - a +0 pair of gloves (worn)
Magical Staves
 l - an uncursed staff of summoning {unknown}
Jewellery
 d - a +4 ring of dexterity {unknown}
 p - an uncursed ring of protection from cold {unknown}
 E - an uncursed ring of flight {unknown}
 F - a +4 ring of strength {unknown}
 M - an uncursed ring of resist corrosion {unknown}
Wands
 u - a wand of lightning (9/15)
 C - a wand of paralysis (14/24)
 R - a wand of polymorph (13/24)
Scrolls
 k - a scroll of fear
 n - 4 scrolls of identify
 s - 4 scrolls of fog
 L - a scroll of remove curse
 Q - a scroll of enchant armour
Potions
 h - 2 potions of cancellation
 i - 2 potions of cure mutation
 j - a potion of flight
 o - 4 potions of lignification
 r - 3 potions of curing
 t - 2 potions of magic
 w - a potion of brilliance
 B - 3 potions of mutation
Books
 x - a book of the Earth

   Spells                             Type                      Level
   a - Leda's Liquefaction            Hexes/Earth                  4
   b - Bolt of Magma                  Conjuration/Fire/Earth       5
   c - Statue Form                    Transmutation/Earth          6
   d - Iron Shot                      Conjuration/Earth            6
   e - Shatter                        Earth                        9
Comestibles
 f - 4 bread rations
 z - 4 meat rations


   Skills:
 + Level 7.9 Fighting
 * Level 13.1 Axes
 + Level 9.4 Armour
 + Level 10.4 Shields
 + Level 4.7 Invocations


You had 11 spell levels left.
You didn't know any spells.

Dungeon Overview and Level Annotations

Branches:
Dungeon (10/15)            Temple (1/1) D:7             Orc (2/2) D:9
    Elf (0/3) Orc:2
   Lair: D:8-11

Altars:
Ashenzari
Cheibriados
Dithmenos
Elyvilon
Fedhas
Gozag
Kikubaaqudgha
Makhleb
Nemelex Xobeh
Okawaru
Pakellas
Qazlal
Ru
Sif Muna
Trog
Vehumet
Xom
Yredelemnul
Zin
The Shining One

Shops:
D:6 !   D:8 *[?=

Annotations:
D:3 Grinder; Musteatbrain's ghost, amateur DsFi IceCv exclusion: 2 ice statues


Innate Abilities, Weirdness & Mutations

You are under a permanent stasis effect.
You can dig through walls and to a lower floor.
Your four strong arms can wield two-handed weapons with a shield.
You have a pair of large antennae on your head (SInv).
You possess an exceptional clarity of mind.


Message History

Really walk into a travel-excluded area?
The ice statue gestures.
You slash the ice statue!
You melt the ice statue.
The ice statue is moderately damaged.
You closely miss the ice beast. The ice statue gestures at you.
The freezing blast misses you. You block the ice beast's attack.
You slice the ice statue!!
You melt the ice statue!
The ice statue is severely damaged.
You slash the ice beast!
You melt the ice beast.
The ice beast is heavily wounded.
You are engulfed in freezing vapours.
The ice statue gestures at you. The freezing blast engulfs you!
The ice beast barely misses you. The ice statue gestures at you.
The bolt of cold hits you!
* * * LOW HITPOINT WARNING * * *
The bolt of cold hits the ice beast.
The ice beast completely resists.
You are engulfed in freezing vapours.
You die...

.....# .......
........8 ####
........########..##
.........##..##....##
....................#
..⌠.............∩∩..#
...........##.......#
.....§Y§@######....##
......§§## ##..##
......§§8# ####
......§.## .......##
.....## #####


You could see an ice beast.

Vanquished Creatures
  An ice dragon (Orc:2)
  The ghost of humperndinck the Protected, a novice MiFi of Qazlal (D:8)
  3 skeletal warriors (D:10)
  An unseen horror (D:10)
  Pikel (D:9)
  A hill giant (D:10)
  An orc knight (Bailey)
  Joseph (D:7)
  2 gargoyles
  4 ice devils (IceCv)
  3 polar bears (Orc:2)
  A wraith (D:10)
  4 yaks (Orc:2)
  Eustachio (D:5)
  A wyvern (D:9)
  2 water moccasins
  Duvessa (D:4)
  A sky beast (D:5)
  An ice beast (D:4)
  8 orc warriors
  2 eyes of draining
  5 ogres
  5 centaurs
  A crocodile (D:9)
  2 giant frogs
  A gnoll sergeant (D:10)
  Dowan (D:4)
  2 scorpions
  5 killer bees (D:8)
  2 jellies
  14 wights (D:8)
  2 howler monkeys (D:4)
  4 crimson imps
  2 giant frog skeletons (D:8)
  5 centaur skeletons
  2 giant frog zombies
  4 hounds
  2 orc wizards
  A gnoll shaman (D:8)
  5 orc priests
  Jessica (D:2)
  4 iguanas
  Terence (D:2)
  5 worker ants
  A hound zombie (D:5)
  A worker ant zombie (D:5)
  Robin (D:3)
  23 gnolls
  15 adders
  2 shadow imps
  An ooze (D:6)
  6 worms
  3 dart slugs
  4 giant geckos
  41 orcs
  2 giant cockroaches
  42 goblins
  16 hobgoblins
  7 jackals
  3 quokkas
  3 ball pythons
  5 bats
  5 giant newts
  7 kobolds
  A quokka skeleton (D:9)
  8 rats
  A plant (D:2)
315 creatures vanquished.

Vanquished Creatures (others)
  A hound (D:9)
  Ijyb (D:2)
  A dart slug (D:5)
  5 plants (D:8)
8 creatures vanquished.

Grand Total: 323 creatures vanquished

Notes
Turn   | Place    | Note
--------------------------------------------------------------
     0 | D:1      | RepoMan the Formicid Fighter began the quest for the Orb.
     0 | D:1      | Reached XP level 1. HP: 18/18 MP: 1/1
   140 | D:1      | Reached XP level 2. HP: 24/24 MP: 2/2
   473 | D:1      | Reached XP level 3. HP: 29/29 MP: 3/3
  1042 | D:2      | Reached skill level 3 in Axes
  1046 | D:2      | Noticed Jessica
  1047 | D:2      | Noticed Terence
  1065 | D:2      | Killed Jessica
  1065 | D:2      | Reached XP level 4. HP: 26/35 MP: 4/4
  1073 | D:2      | Killed Terence
  1073 | D:2      | Reached XP level 5. HP: 32/41 MP: 5/5
  1485 | D:2      | Reached skill level 4 in Axes
  1493 | D:2      | Found a snail-covered altar of Cheibriados.
  1530 | D:2      | Noticed Ijyb
  1855 | D:3      | Noticed Robin
  1858 | D:3      | Killed Robin
  2068 | D:3      | Reached XP level 6. HP: 24/47 MP: 6/6
  2364 | D:3      | Noticed Musteatbrain's ghost (amateur DsFi)
  2982 | D:2      | Killed Ijyb
  3479 | D:3      | Noticed Grinder
  3522 | D:4      | Reached skill level 5 in Shields
  3763 | D:4      | Reached skill level 5 in Armour
  3964 | D:4      | Reached skill level 5 in Axes
  3964 | D:4      | Reached XP level 7. HP: 44/52 MP: 7/7
  4180 | D:4      | Noticed Duvessa
  4189 | D:4      | Killed Duvessa
  4193 | D:4      | Noticed Dowan
  4209 | D:4      | Killed Dowan
  4247 | D:4      | Gained mutation: You possess an exceptional clarity of mind. [potion of beneficial mutation]
  4367 | D:4      | Reached skill level 6 in Axes
  4367 | D:4      | Reached XP level 8. HP: 44/58 MP: 8/8
  4451 | D:5      | Entered Level 5 of the Dungeon
  4989 | D:5      | Reached skill level 7 in Axes
  5160 | D:5      | Noticed Eustachio
  5180 | D:5      | Killed Eustachio
  5195 | D:5      | You fall through a shaft for 2 floors!
  5195 | D:7      | Found a staircase to the Ecumenical Temple.
  5202 | Temple   | Entered the Ecumenical Temple
  5246 | Temple   | Became a worshipper of the Shining One
  5300 | D:6      | Found Zogugh's Distillery.
  5303 | D:6      | Bought a potion of magic for 88 gold pieces
  5303 | D:6      | Bought a potion of mutation for 27 gold pieces
  5303 | D:6      | Bought a potion of agility for 44 gold pieces
  5340 | D:6      | Reached skill level 8 in Axes
  5373 | D:6      | You fall through a shaft for 2 floors!
  5373 | D:8      | Found a sand-covered staircase.
  5376 | D:8      | Noticed humperndinck's ghost (novice MiFi)
  5570 | D:5      | Found a sparkling altar of Nemelex Xobeh.
  5786 | D:5      | Got a crude robe
  5839 | D:5      | Reached XP level 9. HP: 45/64 MP: 9/9
  5958 | D:5      | Reached skill level 9 in Axes
  6503 | D:7      | Got a twisted chain mail
  6504 | D:7      | Identified the +6 chain mail of Miracles {rN+ Str+2 Dex-2} (You found it on level 7 of the Dungeon)
  6893 | D:7      | Noticed Joseph
  6919 | D:7      | Killed Joseph
  7189 | D:7      | Reached skill level 10 in Axes
  7412 | D:8      | Reached * piety under the Shining One
  7527 | D:8      | Killed humperndinck's ghost
  7527 | D:8      | Reached skill level 5 in Fighting
  7527 | D:8      | Reached XP level 10. HP: 40/74 MP: 10/10
  7688 | D:8      | Noticed a gargoyle
  7699 | D:8      | Killed a gargoyle
  7711 | D:8      | Found Niss's Jewellery Emporium.
  7822 | D:8      | Found Wyber's Antique Armour Boutique.
  7823 | D:8      | Found Lisaijod's Assorted Antiques.
  7832 | D:8      | Bought a potion of heal wounds for 145 gold pieces
  7859 | D:8      | Reached skill level 11 in Axes
  7898 | D:8      | Reached ** piety under the Shining One
  8007 | D:8      | Got an ichor-stained scimitar
  8185 | D:8      | Found Xekheagg's Magic Scroll Boutique.
  8193 | D:8      | Bought a scroll of fog for 30 gold pieces
  8391 | D:9      | Found a flagged portal.
  8400 | Bailey   | Entered a bailey
  8629 | Bailey   | Noticed an orc knight
  8630 | Bailey   | Noticed an orc knight
  8694 | Bailey   | Killed an orc knight
  8694 | Bailey   | Reached XP level 11. HP: 31/83 MP: 11/11
  8948 | Bailey   | Noticed an orc warlord
  9417 | D:9      | Noticed Pikel
  9424 | D:9      | Killed Pikel
  9424 | D:9      | Reached skill level 1 in Invocations
  9453 | D:9      | Found a staircase to the Orcish Mines.
  9512 | D:9      | Reached skill level 12 in Axes
  9622 | D:10     | Entered Level 10 of the Dungeon
  9715 | D:10     | Noticed an unseen horror
  9715 | D:10     | Reached *** piety under the Shining One
  9731 | D:10     | Killed an unseen horror
 10071 | D:10     | Noticed a hill giant
 10084 | D:10     | Killed a hill giant
 10378 | D:10     | Noticed a skeletal warrior
 10397 | D:10     | Killed a skeletal warrior
 10398 | D:10     | Noticed a skeletal warrior
 10398 | D:10     | Noticed a skeletal warrior
 10399 | D:10     | Noticed a skeletal warrior
 10443 | D:10     | Killed a skeletal warrior
 10451 | D:10     | Killed a skeletal warrior
 10771 | Orc:1    | Entered Level 1 of the Orcish Mines
 11116 | Orc:1    | Reached XP level 12. HP: 91/91 MP: 14/14
 11139 | Orc:2    | Entered Level 2 of the Orcish Mines
 11217 | Orc:2    | Found a staircase to the Elven Halls.
 11230 | Orc:2    | Identified a scroll of acquirement
 11302 | Orc:2    | Found a frozen archway.
 11309 | Orc:2    | Noticed an ice dragon
 11314 | Orc:2    | Reached skill level 10 in Shields
 11337 | Orc:2    | Killed an ice dragon
 11337 | Orc:2    | Reached skill level 13 in Axes
 11581 | IceCv    | Entered an ice cave
 11925 | IceCv    | Engulfed by an ice statue's freezing vapour

Skill      XL: |  1  2  3  4  5  6  7  8  9 10 11 12 |
---------------+-------------------------------------+-----
Shields        | 4 5 6 7 8 9 10 | 10.4
Axes           | 3 4 5 6 8 10 11 12 13 | 13.1
Armour         | 4 5 7 8 9 |  9.4
Fighting       | 5 6 7 |  7.9
Invocations    | 3 4 |  4.7

Action                   |  1- 3 |  4- 6 |  7- 9 | 10-12 || total
-------------------------+-------+-------+-------+-------++-------
Melee: War axe           |    76 |   229 |   409 |   267 ||   981
       Broad axe         |       |       |       |   220 ||   220
       Executioner's axe |       |       |       |    50 ||    50
Throw: Throwing net      |       |     1 |     1 |       ||     2
Invok: Divine Shield     |       |       |       |     7 ||     7
 Abil: Dig               |       |       |     2 |     3 ||     5
Evoke: Wand              |       |       |       |     2 ||     2
  Use: Potion            |       |     1 |     8 |     3 ||    12
       Scroll            |       |       |    10 |    13 ||    23
  Eat: Chunk             |     1 |     9 |     9 |     9 ||    28
       Fruit             |       |       |     3 |     2 ||     5
       Beef jerky        |       |       |       |     3 ||     3
       Bread ration      |       |       |       |     1 ||     1
       Pizza             |       |       |       |     1 ||     1
Armor: Scale mail        |    17 |    69 |    79 |       ||   165
       Skin              |       |     2 |       |       ||     2
       Chain mail        |       |       |    56 |   134 ||   190
Dodge: Dodged            |    31 |    51 |   109 |    81 ||   272
Block: Shield            |    31 |   100 |   213 |   211 ||   555
       Large shield      |       |       |       |    71 ||    71
